[Event "*** Titled Tuesday Blitz"]
[Site "Chess.com"]
[Date "2021.02.02"]
[Round "5"]
[White "rynos0411"]
[Black "Artem_Sadovsky"]
[Result "0-1"]
[WhiteElo "2401"]
[BlackElo "2563"]
[TimeControl "180+1"]
[EndTime "11:01:02 PST"]
[Termination "Artem_Sadovsky won by resignation"]

1. e4 g6 2. d4 Bg7 3. Be3 d6 4. c4 e5 5. d5 f5 6. exf5 gxf5 7.
Qh5+ Kf8 8. Nc3 Nf6 9. Qh4 f4 10. Bd2 Bf5 11. g3 Qe8 12. O-O-O Qg6 13. gxf4 Ne4 14.
Bh3 Bf6 15. Bxf5 Qxf5 16. Qh3 Qxh3 17. Nxh3 Nxc3 18. Bxc3 Nd7 19. Rhg1 h6 20. f3 Re8 21. fxe5 Bxe5 22. Bxe5 Rxe5 23. Nf4 Kf7 24. Ng6 Rhe8 25.
Nxe5+ Nxe5 26. b3 a5 27. Kc2 a4 28. Rg3 a3 29. Re1 Rb8 30. f4 Ng6 31. Re6 Ne7 32. Rxh6 Nf5 33. Rh7+ Kf6 34. Rg5 b5 35. Rxc7 bxc4 36.
Rxc4 Rh8 37. Rc6 Rxh2+ 38. Kc3 Rxa2 39. Ra6 Ra1 40. b4 Ne3 41. Rh5 Kg6 42. Rg5+ Kf6 43.
Rxd6+ Kf7 44. Ra6 Nd1+ 45. Kb3 Rb1+ 46. Ka2 Nc3+ 47. Kxa3 Ke7 48. b5 Nxb5+ 49. Ka4 Nc3+ 50.
Ka3 Nb5+ 51. Ka2 Nc3+ 52. Ka3 Kf7 53. Ra7+ Kf6 54. Rc7 Nb5+ 55. Ka2 Rf1 56. Rc6+ Kf7 57. Kb3 Rf3+ 58. Kc4 Na3+ 59. Kc5 Rxf4 60. Rh5 Rc4+ 61. Kd6 Nb5+ 62. Ke5 Rg4 63. Rh7+ Kg8 64. Ra7 Nxa7 65. Ra6 Nb5 66. Ra8+ Kf7 67. Rb8 Nd4 68. Rb7+ Ke8 69. d6 Nc6+ 70. Kd5 Nd8 71. Re7+ Kf8 72. Rd7 Rg5+ 73. Kd4 Ke8 74. Re7+ Kf8 75. Rh7 Nc6+ 76. Ke4 Ke8 77. Rh8+ Kd7 78. Rh6 Re5+ 79. Kf4 Rd5 80. Ke4 Rd4+ 81. Ke3 Rc4 82. Kd3 Ne5+ 83. Ke3 Ng4+ 84.
Kd3 Ne5+ 85. Ke3 Ra4 86. Rh7+ Kxd6 87. Rh6+ Kd5 88. Rh8 Ra3+ 89. Kf4 Rf3+ 0-1

[Event "*** Titled Tuesday Blitz"]
[Site "Chess.com"]
[Date "2021.02.02"]
[Round "5"]
[White "NiranjanNavalgund"]
[Black "benko_008"]
[Result "1-0"]
[WhiteElo "2525"]
[BlackElo "2377"]
[TimeControl "180+1"]
[EndTime "11:01:05 PST"]
[Termination "NiranjanNavalgund won on time"]

1. d4 d5 2. Nf3 Nf6 3. c4 dxc4 4. Na3 Bf5 5. Nxc4 c6 6. Qb3 Qc8 7. Bg5 Nbd7 8. Rc1 e6 9. Bf4 Ne4 10. Nfe5 a5 11. Nxd7 Bb4+ 12. Qxb4 axb4 13. Ndb6 Qd8 14.
Nxa8 Qxa8 15. f3 Nf6 16. e4 Bg6 17. Bd6 Qxa2 18. Bxb4 Qb3 19. Ba3 b5 20. Rc3 Qa2 21.
Ne5 b4 22. Bxb4 Qxb2 23. Nxc6 Bxe4 24. Bb5 Bxc6 25. Bxc6+ Kd8 26. Ba5+ Ke7 27. O-O Rc8 28. Rfc1 Nd5 29. Bxd5 Rxc3 30. Rxc3 exd5 31. Re3+ Kd7 32.
Bc3 Qc2 33. Kf1 f6 34. h4 h5 35. Be1 Qc4+ 36. Kf2 Qxd4 37. Ke2 Qb2+ 38. Bd2 Qb5+ 39. Rd3 Ke6 40. Ke3 Qc5+ 41. Ke2 Qc4 42. Ke3 Qc2 43.
g4 hxg4 44. fxg4 Qd1 45. g5 Qg1+ 46. Ke2 Qg2+ 47. Kd1 Qg4+ 48. Kc2 Qc4+ 49. Rc3 Qa4+ 50. Kc1 Qxh4 51. gxf6 gxf6 52. Rd3 Qc4+ 53. Rc3 Qf1+ 54. Kc2 d4 55. Rb3 Qc4+ 56. Kb2 Kd5 57. Rb4 Qd3 58.
Kc1 f5 59. Rb8 Qc4+ 60. Kd1 Qa4+ 61. Ke1 Ke4 62. Rb4 Qa1+ 63. Kf2 Qa2 64. Ke1 Qa1+ 65. Kf2 Qd1 66. Be1 Qf3+ 67. Kg1 Qe2 68. Bf2 Qg4+ 69.
Kf1 Kf3 70. Rb3+ Ke4 71. Rb4 Qd1+ 72. Kg2 Qf3+ 73. Kf1 Qd3+ 74. Kg2 1-0

[Event "*** Titled Tuesday Blitz"]
[Site "Chess.com"]
[Date "2021.02.02"]
[Round "5"]
[White "Carnivoras"]
[Black "Aslanov_Umid"]
[Result "1/2-1/2"]
[WhiteElo "2597"]
[BlackElo "2332"]
[TimeControl "180+1"]
[EndTime "11:01:11 PST"]
[Termination "Game drawn - insufficient material"]

1. d4 d5 2. c4 e6 3. Nc3 c6 4. Nf3 Nf6 5. Bg5 h6 6. Bxf6 Qxf6 7. e3 Bd6 8. Bd3 O-O 9. O-O Nd7 10. e4 dxe4 11. Nxe4 Qe7 12. Qe2 Bc7 13. Rfe1 Nf6 14.
Nxf6+ Qxf6 15. Qe4 g6 16. Ne5 Rd8 17. Rad1 Bb6 18. Bb1 c5 19. dxc5 Rxd1 20. Rxd1 Bxc5 21. Nf3 Qxb2 22. Rd8+ Kg7 23. Qe5+ Qxe5 24. Nxe5 Kf6 25. Nd3 b6 26. Nxc5 bxc5 27. Be4 Rb8 28. h3 Ke5 29. Bf3 f5 30. g3 Rb1+ 31. Kg2 Ba6 32. Rd7 Bxc4 33.
Rxa7 Ra1 34. a4 Bb3 35. a5 c4 36. a6 c3 37. Rc7 c2 38. a7 Bd5 39. Bxd5 Kxd5 40.
Kf3 Rxa7 41. Rxc2 Ra3+ 42. Ke2 Ke5 43. Rc7 Ra2+ 44. Ke3 h5 45. Rf7 Ra3+ 46. Ke2 Ke4 47. Rf6 Ra2+ 48. Ke1 e5 49. Rc6 Rb2 50. Kf1 g5 51.
Kg2 g4 52. hxg4 hxg4 53. Rc4+ Kd5 54. Rc8 Ke6 55. Rc6+ Kd5 56. Rg6 Rb3 57. Rg8 Rb2 58.
Rg7 Ke6 59. Rg8 Kf7 60. Rc8 Kf6 61. Rg8 e4 62. Rc8 f4 63. gxf4 e3 64. Rc3 e2 65.
Re3 Kf5 66. Re8 Rc2 67. Rf8+ Ke4 68. Re8+ Kd3 69. f5 Kd2 70. Rd8+ Kc1 71. Re8 Kd1 72. f6 Rc7 73. Kg3 e1=Q 74. Rxe1+ Kxe1 75. Kxg4 Kxf2 76. Kf5 Kf3 77. Ke6 Rc6+ 78. Ke7 Rc7+ 79. Kd6 Rf7 80. Ke6 Ra7 81. f7 Ra8 82. Ke7 Ra7+ 83. Ke6 Rxf7 84.
Kxf7 1/2-1/2

[Event "*** Titled Tuesday Blitz"]
[Site "Chess.com"]
[Date "2021.02.02"]
[Round "6"]
[White "PetrolulSah"]
[Black "Smile2005"]
[Result "1-0"]
[WhiteElo "2208"]
[BlackElo "2337"]
[TimeControl "180+1"]
[EndTime "11:03:20 PST"]
[Termination "PetrolulSah won by resignation"]

1. d4 Nf6 2. c4 g6 3. Nc3 Bg7 4.
e4 O-O 5. Be2 d6 6. Be3 e5 7. d5 a5 8. g4 Na6 9. g5 Nd7 10. h4 Ndc5 11. h5 f5 12. gxf6 Qxf6 13. hxg6 hxg6 14. Nf3 Bg4 15. Ng5 Nd3+ 16. Qxd3 1-0

[Event "*** Titled Tuesday Blitz"]
[Site "Chess.com"]
[Date "2021.02.02"]
[Round "6"]
[White "juancruzarias"]
[Black "ParvizGasimov"]
[Result "1-0"]
[WhiteElo "2588"]
[BlackElo "2418"]
[TimeControl "180+1"]
[EndTime "11:03:31 PST"]
[Termination "juancruzarias won by resignation"]

1. e4 e6 2. Nc3 d5 3. Nf3 Nf6 4. e5 Nfd7 5. d4 c5 6. dxc5 Nc6 7. Bf4 Be7 8. Bd3 Nxc5 9. O-O O-O 10. Bg3 f6 11.
exf6 Bxf6 12. Qd2 Bd7 13. Rad1 Qe7 14. Rfe1 Nxd3 15. Nxd5 Qb4 16. Nxb4 1-0

[Event "*** Titled Tuesday Blitz"]
[Site "Chess.com"]
[Date "2021.02.02"]
[Round "6"]
[White "CM_rui"]
[Black "Sergey85Rodchenkov"]
[Result "1-0"]
[WhiteElo "2363"]
[BlackElo "2504"]
[TimeControl "180+1"]
[EndTime "11:03:42 PST"]
[Termination "CM_rui won by resignation"]

1. e4 c5 2. Nf3 d6 3. d4 cxd4 4. Nxd4 Nf6 5. f3 a6 6. c4 g6 7. Nc3 Bg7 8. Be3 O-O 9. Be2 Nc6 10. O-O Nxd4 11. Bxd4 Be6 12. Rc1 Qa5 13. b3 Rfc8 14. Kh1 b5 15. Nd5 Bxd5 16. exd5 bxc4 17. bxc4 Qxa2 18.
Ra1 Qb3 19. Qxb3 1-0

[Event "*** Titled Tuesday Blitz"]
[Site "Chess.com"]
[Date "2021.02.02"]
[Round "6"]
[White "medalja"]
[Black "Nikolakis2014"]
[Result "0-1"]
[WhiteElo "2475"]
[BlackElo "2646"]
[TimeControl "180+1"]
[EndTime "11:04:16 PST"]
[Termination "Nikolakis2014 won by resignation"]

1. d4 Nf6 2. c4 e6 3. Nf3 c5 4. d5 d6 5. Nc3 exd5 6. cxd5 g6 7. Bf4 Bg7 8. Qa4+ Bd7 9. Qb3 b5 10. Nxb5 Bxb5 11. Qxb5+ Nbd7 12. Bxd6 Ne4 13. Be5 O-O 14. Bxg7 Kxg7 15. e3 Rb8 16. Qd3 Qa5+ 17. Nd2 Rxb2 18.
Rd1 Nxd2 19. Rxd2 Ne5 20. Qe2 Rb1+ 21. Qd1 Rxd1+ 22. Kxd1 Rb8 0-1

[Event "*** Titled Tuesday Blitz"]
[Site "Chess.com"]
[Date "2021.02.02"]
[Round "6"]
[White "PerAsperaAdAstraCB"]
[Black "Bodnar_Mykola"]
[Result "0-1"]
[WhiteElo "2350"]
[BlackElo "2546"]
[TimeControl "180+1"]
[EndTime "11:04:16 PST"]
[Termination "Bodnar_Mykola won by resignation"]

1. d4 Nf6 2. Bf4 d5 3. e3 c5 4. Nc3 a6 5. dxc5 e6 6. b4 b6 7. Na4 bxc5 8. Nxc5 Bxc5 9. bxc5 Qa5+ 10. Qd2 Qxc5 11.
Bd3 O-O 12. Ne2 Nc6 13. c3 e5 14. Bg3 Ne4 15. Bxe4 dxe4 16. O-O Be6 17. Rfd1 Rfd8 18. Qc2 Bc4 19. Nc1 Rxd1+ 20. Qxd1 Rd8 21. Qg4 f5 0-1

[Event "*** Titled Tuesday Blitz"]
[Site "Chess.com"]
[Date "2021.02.02"]
[Round "6"]
[White "BabyBoss31"]
[Black "Aradej"]
[Result "1-0"]
[WhiteElo "2349"]
[BlackElo "2533"]
[TimeControl "180+1"]
[EndTime "11:04:25 PST"]
[Termination "BabyBoss31 won by resignation"]

1. d4 Nf6 2. Bg5 d5 3. Bxf6 gxf6 4. Nf3 c5 5. c4 dxc4 6. d5 e6 7. e4 f5 8. Bxc4 fxe4 9. Ne5 Bg7 10. Qh5 Qf6 11. dxe6 Qxe5 12. Qxf7+ Kd8 13. Nc3 Rf8 14.
O-O-O+ 1-0

[Event "*** Titled Tuesday Blitz"]
[Site "Chess.com"]
[Date "2021.02.02"]
[Round "6"]
[White "vinniethepooh"]
[Black "FedaMaster"]
[Result "1-0"]
[WhiteElo "2730"]
[BlackElo "2538"]
[TimeControl "180+1"]
[EndTime "11:04:34 PST"]
[Termination "vinniethepooh won by resignation"]

1. d4 Nf6 2. c4 g6 3. Nc3 d5 4. cxd5 Nxd5 5. Bd2 Nb6 6. Nf3 Bg7 7. Qc1 Nc6 8. Bh6 Bxd4 9. e3 Bf6 10. Be2 Qd6 11.
O-O Bd7 12. Nb5 Qe6 13. Nxc7+ 1-0

[Event "*** Titled Tuesday Blitz"]
[Site "Chess.com"]
[Date "2021.02.02"]
[Round "6"]
[White "c_r_e_e_p_e_r"]
[Black "sergeikim"]
[Result "1/2-1/2"]
[WhiteElo "2373"]
[BlackElo "2511"]
[TimeControl "180+1"]
[EndTime "11:04:46 PST"]
[Termination "Game drawn by repetition"]

1. e4 e5 2. Nc3 Nf6 3. f4 d5 4. fxe5 Nxe4 5. d3 Bb4 6. dxe4 Qh4+ 7. Ke2 Bg4+ 8. Nf3 Bxc3 9. bxc3 dxe4 10. Qd4 Bh5 11.
Ke3 Bxf3 12. gxf3 Qe1+ 13. Kf4 Qh4+ 14. Ke3 Qe1+ 15. Kf4 Qh4+ 16. Ke3 1/2-1/2

[Event "*** Titled Tuesday Blitz"]
[Site "Chess.com"]
[Date "2021.02.02"]
[Round "6"]
[White "tk22h"]
[Black "Zq1"]
[Result "0-1"]
[WhiteElo "2361"]
[BlackElo "2518"]
[TimeControl "180+1"]
[EndTime "11:04:53 PST"]
[Termination "Zq1 won by resignation"]

1. c4 e6 2. Nc3 d5 3. d4 Be7 4. Nf3 Nf6 5. Bg5 h6 6. Bxf6 Bxf6 7. e3 c6 8. Rc1 a6 9. Bd3 Nd7 10. e4 dxc4 11. Bxc4 O-O 12. e5 Be7 13. O-O b5 14.
Bd3 c5 15. Be4 Rb8 16. d5 b4 17. Na4 exd5 18. Bxd5 Nb6 19. Nxb6 Qxb6 20. Re1 Be6 21.
Qb3 Rfd8 22. Rcd1 Rxd5 23. Rxd5 Qc6 24. Red1 c4 0-1

[Event "*** Titled Tuesday Blitz"]
[Site "Chess.com"]
[Date "2021.02.02"]
[Round "6"]
[White "DinaBelenkaya"]
[Black "MoreChessJulia"]
[Result "1-0"]
[WhiteElo "2393"]
[BlackElo "2163"]
[TimeControl "180+1"]
[EndTime "11:04:59 PST"]
[Termination "DinaBelenkaya won by checkmate"]

1. e4 c5 2. Nc3 Nc6 3. g3 d6 4. Bg2 g6 5. d3 e5 6. Nf3 h5 7.
Nd5 Bg4 8. h3 Bxf3 9. Qxf3 h4 10. g4 Bg7 11. g5 Nce7 12. Nf6+ Bxf6 13. gxf6 Nc6 14. Bg5 Nd4 15. Qd1 Ne6 16. Be3 Nxf6 17. c3 Nh5 18. Bf3 Nhf4 19. Bg4 Qa5 20. Qb3 O-O-O 21.
O-O-O Rde8 22. d4 Kb8 23. dxe5 dxe5 24. Rd7 Rd8 25. Qxb7# 1-0

[Event "*** Titled Tuesday Blitz"]
[Site "Chess.com"]
[Date "2021.02.02"]
[Round "6"]
[White "Mbneu"]
[Black "alejogarcia1999"]
[Result "1-0"]
[WhiteElo "2306"]
[BlackElo "2426"]
[TimeControl "180+1"]
[EndTime "11:05:01 PST"]
[Termination "Mbneu won by resignation"]

1. d4 Nf6 2. c4 g6 3. Nc3 Bg7 4. e4 d6 5. f4 O-O 6. Nf3 c5 7. d5 e6 8. Be2 exd5 9. cxd5 Bg4 10. e5 Bxf3 11. Bxf3 dxe5 12. fxe5 Re8 13. e6 fxe6 14. O-O exd5 15. Nxd5 Nc6 16. Bg5 Nd4 17. Bxf6 Bxf6 18.
Nxf6+ Qxf6 19. Bd5+ Kg7 20. Rxf6 Kxf6 21. Qg4 Rad8 22.
Rf1+ Nf5 23. Be4 Re5 24. Qh4+ g5 25. Qh6+ 1-0

[Event "*** Titled Tuesday Blitz"]
[Site "Chess.com"]
[Date "2021.02.02"]
[Round "6"]
[White "banane_verte"]
[Black "Grandmaster2B"]
[Result "0-1"]
[WhiteElo "2438"]
[BlackElo "2589"]
[TimeControl "180+1"]
[EndTime "11:05:02 PST"]
[Termination "Grandmaster2B won by resignation"]

1. e4 c5 2. Nc3 a6 3. g3 b5 4. Bg2 Bb7 5. d3 e6 6. Nge2 b4 7. Na4 d5 8. exd5 Nf6 9. Nf4 exd5 10. O-O Be7 11. b3 O-O 12. Bb2 Bc6 13. Re1 d4 14. Bxc6 Nxc6 15. Qf3 Rc8 16. Re2 Bd6 17.
Rae1 Bxf4 18. Qxf4 Nd5 19. Qf3 Nc3 20. Bxc3 dxc3 21.
Nxc5 Nd4 22. Qh5 g6 23. Qe5 Nf3+ 0-1

[Event "*** Titled Tuesday Blitz"]
[Site "Chess.com"]
[Date "2021.02.02"]
[Round "6"]
[White "Trickster_Pony"]
[Black "Snowflake"]
[Result "0-1"]
[WhiteElo "1458"]
[BlackElo "2334"]
[TimeControl "180+1"]
[EndTime "11:05:05 PST"]
[Termination "Snowflake won by resignation"]

1. c4 e6 2. g3 d5 3. Bg2 Nf6 4. Nf3 c6 5. b3 Bd6 6. Bb2 O-O 7.
Nc3 Qe7 8. O-O e5 9. cxd5 cxd5 10. Nb5 e4 11. Nxd6 Qxd6 12. Nd4 a6 13. d3 exd3 14.
Qxd3 Nc6 15. Nf5 Bxf5 16. Qxf5 Rfe8 17. Qg5 Rxe2 18. Rad1 Rxb2 19. Bxd5 Nxd5 20. Rxd5 Qg6 21. Qc1 Re2 22. Qd1 Ree8 23. Rd7 Ne5 24. Rxb7 Rad8 25.
Qc1 Qe4 26. f4 Nf3+ 27. Rxf3 Qxf3 0-1

[Event "*** Titled Tuesday Blitz"]
[Site "Chess.com"]
[Date "2021.02.02"]
[Round "6"]
[White "dosto07"]
[Black "Cocaino74"]
[Result "1-0"]
[WhiteElo "2422"]
[BlackElo "2275"]
[TimeControl "180+1"]
[EndTime "11:05:06 PST"]
[Termination "dosto07 won by resignation"]

1. e4 c5 2. Nf3 b6 3. d4 cxd4 4. Nxd4 Bb7 5. f3 Nf6 6. c4 e6 7. Nc3 d5 8. cxd5 exd5 9. Bb5+ Nbd7 10. e5 Qe7 11. O-O Ng8 12. e6 fxe6 13. Nxe6 Qxe6 14. Re1 Bc5+ 15. Kh1 Qxe1+ 16. Qxe1+ Ne7 17. Bg5 O-O-O 18. Na4 Bd6 19. Rc1+ Kb8 20. Bxe7 Rhe8 21. Bxd6+ Ka8 1-0

[Event "*** Titled Tuesday Blitz"]
[Site "Chess.com"]
[Date "2021.02.02"]
[Round "6"]
[White "VALPARAISO37"]
[Black "Carnivoras"]
[Result "1-0"]
[WhiteElo "2470"]
[BlackElo "2586"]
[TimeControl "180+1"]
[EndTime "11:05:08 PST"]
[Termination "VALPARAISO37 won by resignation"]

1. d4 d5 2. c4 c6 3. Nc3 e6 4. e3 f5 5. Qc2 Nf6 6. Bd3 Bd6 7. f3 O-O 8. Nge2 Nbd7 9. O-O Kh8 10.
Bd2 Qe7 11. c5 Bc7 12. b4 b6 13. h3 Bb7 14. e4 e5 15. exd5 cxd5 16. Nb5 Rac8 17.
Bxf5 exd4 18. Nxc7 Rxc7 19. Nxd4 Rfc8 20. Rae1 Qf7 21.
Ne6 Rc6 22. b5 Rxc5 23. Nxc5 Rxc5 24. Qa4 d4 25. Be6 1-0

[Event "*** Titled Tuesday Blitz"]
[Site "Chess.com"]
[Date "2021.02.02"]
[Round "6"]
[White "VitaliyBernadskiy"]
[Black "Annawel"]
[Result "0-1"]
[WhiteElo "2723"]
[BlackElo "2927"]
[TimeControl "180+1"]
[EndTime "11:05:17 PST"]
[Termination "Annawel won by resignation"]

1. d4 g6 2. e4 Bg7 3. Nf3 d6 4. c4 Nf6 5. Nc3 O-O 6. Bd3 Bg4 7. Be2 Nc6 8. Be3 Bxf3 9. gxf3 e5 10. d5 Nd4 11. Bf1 Nh5 12. Bh3 c5 13. Kd2 Nf4 14. Bxf4 exf4 15. Kd3 Qh4 16. Bg2 Qxf2 17. Qd2 Qh4 18.
Ne2 b5 19. Nxd4 bxc4+ 20. Kxc4 Bxd4 21. Rab1 Rab8 22. b4 Be3 23. Qe1 Qf6 24. Qc3 Qg5 25. Bh3 cxb4 26. Rxb4 Rbc8+ 0-1

[Event "*** Titled Tuesday Blitz"]
[Site "Chess.com"]
[Date "2021.02.02"]
[Round "6"]
[White "fish7728"]
[Black "Grammnik"]
[Result "0-1"]
[WhiteElo "2170"]
[BlackElo "2392"]
[TimeControl "180+1"]
[EndTime "11:05:25 PST"]
[Termination "Grammnik won by resignation"]

1. d4 d5 2. c4 c6 3. Nc3 Nf6 4. cxd5 cxd5 5. Bf4 Nc6 6. e3 Bf5 7. Qb3 Na5 8. Qa4+ Bd7 9. Qc2 Rc8 10. Bd3 e6 11.
Nf3 Be7 12. h3 b5 13. Qd1 Nc4 14. Rb1 Nxb2 15. Rxb2 Rxc3 16. Bxb5 O-O 17. Bd3 Ba3 18. Rc2 Rxc2 19. Bxc2 Bb5 20. Bd3 Qa5+ 21. Kf1 Ne4 22. Kg1 Rc8 23. Qe2 Rc1+ 24. Kh2 Rxh1+ 25. Kxh1 Bxd3 0-1

[Event "*** Titled Tuesday Blitz"]
[Site "Chess.com"]
[Date "2021.02.02"]
[Round "6"]
[White "hypert"]
[Black "milenapn"]
[Result "1-0"]
[WhiteElo "2382"]
[BlackElo "2045"]
[TimeControl "180+1"]
[EndTime "11:05:30 PST"]
[Termination "hypert won by checkmate"]

1. Nf3 Nf6 2. Nc3 g6 3. e4 d6 4. d4 Bg7 5. Be3 O-O 6. h3 c6 7. Qd2 Nbd7 8. Bh6 b5 9. Bxg7 Kxg7 10. Bd3 e5 11. dxe5 dxe5 12. h4 h5 13. O-O-O Qc7 14. Ng5 b4 15. Ne2 c5 16. Bc4 Nb6 17. Bd5 Nbxd5 18. exd5 a5 19. c4 bxc3 20. Nxc3 a4 21. a3 Bf5 22. f3 Rfd8 23. Rhe1 Qb7 24. Rxe5 Qb3 25. Nge4 Rab8 26. Nxf6 Kxf6 27. Rxf5+ gxf5 28. Qg5+ Ke5 29. Re1+ Kd6 30. Qe7# 1-0

[Event "*** Titled Tuesday Blitz"]
[Site "Chess.com"]
[Date "2021.02.02"]
[Round "6"]
[White "TregubovP"]
[Black "Guriempire"]
[Result "1-0"]
[WhiteElo "2602"]
[BlackElo "2736"]
[TimeControl "180+1"]
[EndTime "11:05:36 PST"]
[Termination "TregubovP won by resignation"]

1. e4 g6 2. d4 Bg7 3. Nf3 c6 4.
Nc3 d5 5. h3 dxe4 6. Nxe4 Nf6 7. Bd3 Nxe4 8. Bxe4 Bf5 9. Bxf5 Qa5+ 10. c3 Qxf5 11. O-O O-O 12. Re1 Re8 13. Bg5 Qd7 14. Qb3 e6 15. Ne5 Qc8 16. Ng4 Nd7 17. Nh6+ Bxh6 18.
Bxh6 Qc7 19. c4 Qb6 20. Qc3 a5 21. d5 e5 22. Rad1 Rad8 23. dxc6 Qxc6 24. Rd5 b6 25.
Red1 Qc7 26. Qd2 1-0

[Event "*** Titled Tuesday Blitz"]
[Site "Chess.com"]
[Date "2021.02.02"]
[Round "6"]
[White "IMAghasiyevKamal"]
[Black "Vyacheslav_N"]
[Result "0-1"]
[WhiteElo "2568"]
[BlackElo "2383"]
[TimeControl "180+1"]
[EndTime "11:05:44 PST"]
[Termination "Vyacheslav_N won by resignation"]

1. d4 Nf6 2. c4 e6 3. g3 b6 4.
Bg2 Nc6 5. d5 exd5 6. cxd5 Ne5 7. Nh3 Bb4+ 8. Bd2 Bxd2+ 9. Qxd2 d6 10. Nf4 O-O 11. Nc3 Re8 12. O-O Bd7 13. Rac1 Ng6 14. Nd3 a5 15. a4 h5 16. Nb5 Bxb5 17. axb5 h4 18. Rc4 Nd7 19. Rfc1 Nc5 20. Nxc5 bxc5 21.
gxh4 Nxh4 22. Rg4 Qf6 23. Be4 Rxe4 0-1

[Event "*** Titled Tuesday Blitz"]
[Site "Chess.com"]
[Date "2021.02.02"]
[Round "6"]
[White "GigaQuparadze"]
[Black "Yashasd1995"]
[Result "1-0"]
[WhiteElo "2976"]
[BlackElo "2630"]
[TimeControl "180+1"]
[EndTime "11:05:45 PST"]
[Termination "GigaQuparadze won by resignation"]

1. e4 d5 2. exd5 Nf6 3. Nf3 Nxd5 4. d4 g6 5. Bc4 Bg7 6. Bb3 O-O 7. O-O Nc6 8. Nc3 Nb6 9. Be3 Na5 10. Re1 Nxb3 11. axb3 Be6 12. Ne4 Nd5 13. Nc5 Nxe3 14. Rxe3 Bc8 15.
c3 b6 16. Nd3 Bb7 17. Qe2 e6 18. b4 Qd5 19. h3 a5 20. bxa5 Rxa5 21. Rxa5 Qxa5 22.
Nfe5 Qd5 23. Nf4 Qd6 24. h4 Ra8 25. Qg4 Ra1+ 26. Kh2 Rf1 27. Qg3 c5 28. Nc4 Qc7 29.
d5 exd5 30. Re8+ Bf8 31. Rxf8+ 1-0

[Event "*** Titled Tuesday Blitz"]
[Site "Chess.com"]
[Date "2021.02.02"]
[Round "6"]
[White "salomez"]
[Black "MasterLeif"]
[Result "0-1"]
[WhiteElo "2207"]
[BlackElo "2428"]
[TimeControl "180+1"]
[EndTime "11:05:45 PST"]
[Termination "MasterLeif won by resignation"]

1. e4 e5 2. Nf3 Nc6 3. Bc4 Nf6 4. d3 Bc5 5. c3 d6 6. O-O a6 7. Bb3 Ba7 8. h3 h6 9. Re1 g5 10. g4 h5 11. Bxg5 hxg4 12. d4 gxf3 13. Qxf3 Rg8 14.
h4 exd4 15. Kf1 d3 16. Nd2 Ne5 17. Qg3 Bg4 18. Nc4 Be2+ 19. Rxe2 dxe2+ 20. Kxe2 Nxe4 21. Qf4 Nxg5 0-1

[Event "*** Titled Tuesday Blitz"]
[Site "Chess.com"]
[Date "2021.02.02"]
[Round "6"]
[White "Artem_Sadovsky"]
[Black "Arvids_Andrejevs"]
[Result "1-0"]
[WhiteElo "2568"]
[BlackElo "2395"]
[TimeControl "180+1"]
[EndTime "11:05:46 PST"]
[Termination "Artem_Sadovsky won by resignation"]

1. Nf3 d5 2. c4 e6 3. b3 Nf6 4. Bb2 Be7 5. e3 c5 6. Be2 Nc6 7. cxd5 Nxd5 8. O-O Bf6 9. Qc1 O-O 10. Nc3 Nxc3 11. Bxc3 b6 12. Bxf6 Qxf6 13. d4 Bb7 14.
dxc5 Rac8 15. Qa3 Ne5 16. Nxe5 Qxe5 17. Qxa7 Bc6 18. Qxb6 Qd5 19. Bf3 1-0

[Event "*** Titled Tuesday Blitz"]
[Site "Chess.com"]
[Date "2021.02.02"]
[Round "6"]
[White "Tekushka"]
[Black "Kostukov_Alex"]
[Result "1-0"]
[WhiteElo "2454"]
[BlackElo "2301"]
[TimeControl "180+1"]
[EndTime "11:05:54 PST"]
[Termination "Tekushka won by resignation"]

1. e4 c5 2. Nf3 g6 3. d4 cxd4 4. Nxd4 Bg7 5. c4 Nc6 6. Be3 Nf6 7. Nc3 Ng4 8. Qxg4 Nxd4 9. Qd1 Ne6 10. Rc1 d6 11. Be2 Bd7 12. O-O a5 13. b3 Bc6 14.
f3 O-O 15. Qd2 Nc5 16. Nd5 Bxd5 17. exd5 Qb6 18. Rb1 Qb4 19. Qc2 a4 20. Bd2 axb3 21.
axb3 Qb6 22. Kh1 Na6 23. b4 Qd4 24. Rfd1 Qf2 25. Be1 Qe3 26. Rd3 Qg5 27. Bf1 Be5 28.
Qe2 Qh4 29. Bxh4 1-0

[Event "*** Titled Tuesday Blitz"]
[Site "Chess.com"]
[Date "2021.02.02"]
[Round "6"]
[White "IriBu"]
[Black "Zmeeed63"]
[Result "1-0"]
[WhiteElo "2560"]
[BlackElo "2377"]
[TimeControl "180+1"]
[EndTime "11:05:58 PST"]
[Termination "IriBu won by resignation"]

1. e4 c5 2. Be2 d5 3. e5 Nc6 4. f4 Bf5 5. Nf3 e6 6. O-O h5 7. d3 Be7 8. Be3 Nh6 9. Kh1 O-O 10. c3 Rc8 11. Bg1 b5 12. a3 a5 13.
Nbd2 b4 14. axb4 axb4 15. c4 Bg6 16. Rc1 Na5 17. cxd5 Qxd5 18. Nc4 Nxc4 19. dxc4 Qb7 20. Ng5 Rfd8 21. Qe1 Bxg5 22. Bf3 Be4 23. Bxe4 1-0

[Event "*** Titled Tuesday Blitz"]
[Site "Chess.com"]
[Date "2021.02.02"]
[Round "6"]
[White "Sharpchess22"]
[Black "Zmof"]
[Result "1-0"]
[WhiteElo "2681"]
[BlackElo "2121"]
[TimeControl "180+1"]
[EndTime "11:06:05 PST"]
[Termination "Sharpchess22 won by resignation"]

1. d4 Nf6 2. Nf3 e6 3. Bf4 b6 4. e3 Bb7 5. h3 c5 6. Be2 Be7 7. O-O O-O 8. a4 a6 9. Bh2 d6 10. Nbd2 Nbd7 11. c3 Rc8 12. Bd3 Re8 13. Qe2 Ra8 14. e4 Bf8 15. e5 dxe5 16. dxe5 Nd5 17. Ne4 Qc7 18. Rad1 Red8 19. Nd6 Bxd6 20. exd6 Qc6 21.
Rfe1 N5f6 22. Bc2 b5 23. Bg3 c4 24. a5 Nc5 25. Qf1 Nce4 26. Be5 Ng5 27. Nxg5 1-0

[Event "*** Titled Tuesday Blitz"]
[Site "Chess.com"]
[Date "2021.02.02"]
[Round "6"]
[White "DamianoLew95"]
[Black "bocah_sakit"]
[Result "0-1"]
[WhiteElo "2591"]
[BlackElo "2822"]
[TimeControl "180+1"]
[EndTime "11:06:06 PST"]
[Termination "bocah_sakit won by resignation"]

1. d4 Nf6 2. Bf4 g6 3. Nc3 d5 4.
e3 Bg7 5. h4 h6 6. Nf3 c6 7.
Ne5 Bf5 8. Qd2 Nbd7 9. Nxd7 Nxd7 10. f3 e5 11. dxe5 Nxe5 12. O-O-O O-O 13. e4 dxe4 14.
Qe3 Qb6 15. fxe4 Be6 16. Be2 Kh7 17. Qg3 Qc7 18. Kb1 b5 19. Rhe1 b4 20. Na4 c5 21.
c4 bxc3 22. Nxc3 Rab8 23. Rd2 Rfe8 24. Red1 Qa5 25. Bxe5 Bxe5 0-1

[Event "*** Titled Tuesday Blitz"]
[Site "Chess.com"]
[Date "2021.02.02"]
[Round "6"]
[White "ElGasanov"]
[Black "FairChess_on_YouTube"]
[Result "0-1"]
[WhiteElo "2846"]
[BlackElo "2938"]
[TimeControl "180+1"]
[EndTime "11:06:13 PST"]
[Termination "FairChess_on_YouTube won by resignation"]

1. d4 d5 2. c4 c6 3. Nf3 Nf6 4. Qb3 e6 5. Bg5 Be7 6. e3 O-O 7. Nc3 Nbd7 8. Rd1 h6 9. Bh4 Ne4 10. Bxe7 Qxe7 11. Bd3 Nxc3 12. Qxc3 dxc4 13. Qxc4 e5 14.
Bb1 e4 15. Nd2 Nf6 16. Qc2 Bg4 17. Rc1 Rae8 18. h3 Bh5 19. Nc4 Nd5 20. Ne5 f6 21.
Nc4 f5 22. Ne5 Qg5 23. O-O Bf3 24. Nxf3 exf3 25. g3 Re4 26. Kh2 Rh4 27. Rh1 Rxh3+ 28. Kg1 Rxh1+ 0-1

[Event "*** Titled Tuesday Blitz"]
[Site "Chess.com"]
[Date "2021.02.02"]
[Round "6"]
[White "ehrenfeld"]
[Black "Piotrek1979"]
[Result "1-0"]
[WhiteElo "2508"]
[BlackElo "2331"]
[TimeControl "180+1"]
[EndTime "11:06:15 PST"]
[Termination "ehrenfeld won by resignation"]

1. e4 c5 2. Nf3 Nc6 3. Bb5 g6 4. Bxc6 bxc6 5. d3 Bg7 6. O-O d6 7. Re1 e5 8. c3 Ne7 9. d4 cxd4 10.
cxd4 Qc7 11. dxe5 dxe5 12. Nbd2 O-O 13. Nc4 Be6 14. Qc2 f6 15. b3 Rfd8 16. Ba3 Bf8 17. Rac1 Nc8 18. Bxf8 Kxf8 19. Ne3 Ne7 20. h3 a5 21. Nd2 a4 22. b4 Qb6 23. a3 Rd4 24.
Nf3 Rd7 25. Nc4 Qb5 26. Na5 Rd6 27. Re3 Rad8 28. Rc3 Rd2 29. Nxd2 1-0